 Dungeon Crawl Stone Soup version 0.27.1-4-g1640c2035a (webtiles) character file.

Game seed: 6208657452881716225

417 Turgor the Ruffian (level 6, -3/56 HPs)
             Began as a Ghoul Monk on Oct 31, 2021.
             Slain by Crazy Yiuf (17 damage)
             ... on level 3 of the Dungeon.
             The game lasted 00:15:48 (2669 turns).

Turgor the Ruffian (Ghoul Monk)                     Turns: 2669, Time: 00:15:48

Health: -3/56      AC:  7    Str: 23    XL:     6   Next: 92%
Magic:  3/5        EV: 12    Int:  5    God:
Gold:   187        SH:  0    Dex: 11    Spells: 5/5 levels left

rFire    . . .     SeeInvis .     - Unarmed
rCold    + . .     Faith    .   (no shield)
rNeg     + + +     Spirit   .   n - +3 leather armour
rPois    ∞         Reflect  .   (no helmet)
rElec    .         Harm     .   o - +0 cloak
rCorr    .         Rampage  .   (no gloves)
Will     .....                  (no boots)
Stlth    ++........             (no amulet)
HPRegen  0.00/turn              e - +6 ring of strength
MPRegen  0.09/turn              (no ring)

@: inhibited regen, slowed, very slow
A: claws 1, cold resistance 1, negative energy resistance 3, inhibited
regeneration, torment resistance 2
a: no special abilities


You were on level 3 of the Dungeon.
You visited 1 branch of the dungeon, and saw 3 of its levels.

You collected 187 gold pieces.

Inventory:

Hand Weapons
 g - a +1 dagger of venom
 h - a +0 hunting sling
Missiles
 f - 10 poisoned darts (quivered)
 j - 42 stones
Armour
 n - a +3 leather armour (worn)
 o - a +0 cloak (worn)
Jewellery
 e - a +6 ring of strength (left claw)
 k - a ring of wizardry
Scrolls
 a - a scroll of identify {unknown}
 b - a scroll of immolation {unknown}
 i - 4 scrolls of teleportation {unknown}
 l - a scroll of fear {unknown}
Potions
 c - a potion of might {unknown}
 d - 2 potions of haste
 m - a potion of curing {unknown}


   Skills:
 + Level 5.0 Fighting
 + Level 1.4 Armour
 + Level 3.4 Dodging
 - Level 2.1 Stealth
 * Level 6.4 Unarmed Combat


You had 5 spell levels left.
You didn't know any spells.
Your spell library contained the following spells:

 Spells                   Type           Power      Damage    Failure   Level
 Dazzling Flash           Conj/Hex       0%         N/A       88%         3
 Iskenderun's Mystic Bla  Conj/Tloc      0%         2d3       99%         4
 Starburst                Conj/Fire      0%         6d3       100%        6


Dungeon Overview and Level Annotations

Branches:
Dungeon (3/15)

Altars:
Gozag

Annotations:
D:3 Crazy Yiuf


Innate Abilities, Weirdness & Mutations

You thrive by killing the living.
You are immune to poison.
You have sharp fingernails.
Your flesh is cold resistant. (rC+)
You are immune to negative energy. (rN+++)
You do not regenerate when monsters are visible.
You are immune to unholy pain and torment.


Message History

You claw the bat!
You kill the bat!
h - a +0 hunting sling (weapon)
Found an escape hatch in the floor.
There is a stone staircase leading down here.
There is a stone staircase leading up here.
Found a mace.
Found a runed translucent door.
Crazy Yiuf shouts!
Crazy Yiuf whimpers, "Scoff!"
Press: ? - help, v - describe, . - travel The floor.
You open the door.
You are now empty-clawed.
You closely miss Crazy Yiuf.
Crazy Yiuf hits you with a +4 quarterstaff of chaos!
You feel your power leaking away.
You completely miss Crazy Yiuf.
Crazy Yiuf waves his quarterstaff at you.
Crazy Yiuf hits you with a +4 quarterstaff of chaos.
You scratch Crazy Yiuf.
Crazy Yiuf is lightly wounded.
You barely miss Crazy Yiuf.
Crazy Yiuf is lightly wounded.
Crazy Yiuf hits you with a +4 quarterstaff of chaos.
You are confused.
You are too confused!
You are too confused!
Crazy Yiuf waves his quarterstaff at you.
You bump into the tree.
Crazy Yiuf hits you with a +4 quarterstaff of chaos!
You feel yourself slow down.
You bump into the tree.
Crazy Yiuf hits you with a +4 quarterstaff of chaos. x2
Crazy Yiuf freezes you.
You bump into the tree.
You feel less confused.
Crazy Yiuf hits you with a +4 quarterstaff of chaos!
* * * LOW HITPOINT WARNING * * *
You are electrocuted!
You die...

......##........)##......#8#..#
##...###.........##......#^#..#
.###.#...........###.....#.#..#
...#'###.........# #..........#
.....#..########## #####.....##
....##..# #.....## ....#..##
♣♣♣♣♣##......# ...##.## ###
♣♣♣.♣..+.......# ...#..#
#...#♣@.♣...........# ..##.##
#...'g♣♣♣♣..........# ..#..#
#)..#♣♣ ♣♣.+.......# .##.## ###
♣♣##.....## .#..# #....## [#†##
###### )..# ####


You could see Crazy Yiuf.

Vanquished Creatures
  Grinder (D:3)
  An orc priest (D:3)
  An orc wizard (D:3)
  Natasha (twice) (D:3)
  2 adders (D:3)
  A worm (D:3)
  2 dart slugs (D:3)
  8 orcs (D:3)
  6 endoplasms
  A giant cockroach (D:3)
  5 goblins
  4 hobgoblins
  8 jackals
  4 quokkas
  7 ball pythons
  7 bats
  6 kobolds
  8 rats
  A bush (D:3)
75 creatures vanquished.

Vanquished Creatures (others)
  A plant (D:2)
  A withered plant (D:2)
2 creatures vanquished.

Grand Total: 77 creatures vanquished

Notes
Turn   | Place    | Note
-------+----------+-------------------------------------------
     0 | D:1      | Turgor the Ghoul Monk began the quest for the Orb.
     0 | D:1      | Reached XP level 1. HP: 19/19 MP: 0/0
   293 | D:1      | Reached XP level 2. HP: 26/26 MP: 1/1
   707 | D:1      | Reached skill level 4 in Unarmed Combat
   707 | D:1      | Reached XP level 3. HP: 31/31 MP: 2/2
  1066 | D:2      | Found an opulent altar of Gozag.
  1271 | D:2      | Found a faded altar of an unknown god.
  1666 | D:3      | Reached XP level 4. HP: 18/40 MP: 3/3
  1876 | D:3      | Reached skill level 5 in Unarmed Combat
  1910 | D:3      | Noticed Natasha
  1972 | D:3      | Killed Natasha
  1973 | D:3      | Reached XP level 5. HP: 47/47 MP: 4/4
  2186 | D:3      | Noticed Natasha
  2195 | D:3      | Killed Natasha
  2351 | D:3      | Noticed Grinder
  2365 | D:3      | Killed Grinder
  2366 | D:3      | Reached skill level 5 in Fighting
  2366 | D:3      | Reached skill level 1 in Armour
  2366 | D:3      | Reached skill level 6 in Unarmed Combat
  2366 | D:3      | Reached XP level 6. HP: 34/56 MP: 5/5
  2656 | D:3      | Found a runed translucent door.
  2657 | D:3      | Noticed Crazy Yiuf
  2669 | D:3      | Slain by Crazy Yiuf

Illustrated notes

Levels and vault maps discovered:
D:1:      saegor_arrival_simple_c, layout_rooms
D:2:      layout_basic, shapermc_ecumenical_altar_flowoftime, basic_altar,
          minmay_tromino_v2
D:3:      minmay_skewed_foursquare, layout_rooms, serial_park_tiny_2,
          minmay_hedge_maze, ebering_dispersal_statue_hall, uniq_grinder,
          uniq_natasha, uniq_crazy_yiuf_cottage

Skill      XL: |  1  2  3  4  5 |
---------------+----------------+-----
Dodging        | 3 |  3.4
Unarmed Combat | 4 5 6 |  6.4
Fighting       | 4 5 |  5.0
Armour         | 1 |  1.4
Stealth        | |  2.1

Action                   |  1- 3 |  4- 6 || total
-------------------------+-------+-------++-------
Melee: Unarmed           |   145 |   103 ||   248
       Punch             |     2 |     5 ||     7
 Fire: Hunting sling     |    21 |    33 ||    54
 Stab: Sleeping          |     1 |       ||     1
       Distracted        |     1 |       ||     1
Armor: Robe              |    34 |     1 ||    35
       Leather armour    |       |     3 ||     3
Dodge: Dodged            |    84 |    19 ||   103
